 Dungeon Crawl Stone Soup version 0.19.0-19-g8c6edcc (webtiles) character file.

130145 kae the Bludgeoner (level 17, -3/135 HPs)
             Began as a Formicid Fighter on Nov 15, 2016.
             Was the Champion of Okawaru.
             Slain by a jumping spider (7 damage)
             ... on level 4 of the Spider Nest.
             The game lasted 00:44:15 (27215 turns).

kae the Bludgeoner (Formicid Fighter)              Turns: 27215, Time: 00:44:16

Health: -3/135     AC: 22    Str: 37    XL:     17   Next: 63%
Magic:  19/24      EV: 14    Int:  8    God:    Okawaru [******]
Gold:   2241       SH: 14    Dex: 13    Spells: 0 memorised, 16 levels left

rFire  . . .     SeeInvis +     x - +9 mace of Teupt {vamp, +Fly Str+3 Dex+3}
rCold  . . .     Gourm    .     R - +2 plate armour {rPois}
rNeg   . . .     Faith    .     c - +0 shield
rPois  +         Spirit   .     (helmet unavailable)
rElec  .         Reflect  .     P - +1 cloak of Peek-a-Boo {Str+3}
rCorr  .         Harm     .     B - +1 pair of gloves {Str+3}
MR     +....                    D - +0 pair of boots
Stlth  ..........               T - amulet of regeneration
                                y - ring "Meezxa" {Slay+3 SInv}
                                u - -2 ring of protection (curse)

@: lethally poisoned (-3 -> -8), finesse
A: permanent stasis, dig shafts and tunnels, four strong arms, antennae 3
a: Dig, Shaft Self, Heroism, Finesse, Renounce Religion, Evoke Flight


You were on level 4 of the Spider Nest.
You worshipped Okawaru.
Okawaru was exalted by your worship.
You were not hungry.

You visited 5 branches of the dungeon, and saw 28 of its levels.
You visited the Abyss 1 time.
You also visited: Labyrinth and Ice Cave.

You collected 2620 gold pieces.
You spent 379 gold pieces at shops.

Inventory:

Hand Weapons
 t - a +1 great mace of protection
 x - the +9 mace of Teupt (weapon) {vamp, +Fly Str+3 Dex+3}
   (You bought it in a shop on level 7 of the Dungeon)

   It inflicts no extra harm, but heals its wielder when it wounds a living foe.
   It affects your strength (+3).
   It affects your dexterity (+3).
   It lets you fly.
Armour
 c - a +0 shield (worn)
 r - the +2 pair of gloves of the Bruised Hells {rC++}
   (Okawaru gifted it to you on level 3 of the Lair of Beasts)

   It greatly protects you from cold.
 B - a +1 pair of gloves of strength (worn)
 D - a +0 pair of boots (worn)
 P - the +1 cloak of Peek-a-Boo (worn) {Str+3}
   (You found it on level 6 of the Lair of Beasts)

   It affects your strength (+3).
 R - a +2 plate armour of poison resistance (worn)
Jewellery
 h - a +4 ring of strength
 u - a cursed -2 ring of protection (left hand)
 y - the ring "Meezxa" (right hand) {Slay+3 SInv}
   (You found it on level 5 of the Dungeon)

   [ring of see invisible]

   It affects your accuracy and damage with ranged weapons and melee attacks
   (+3).
   It lets you see invisible.
 T - an amulet of regeneration (around neck)
Wands
 b - a wand of iceblast (8/15)
 s - a wand of flame (14/48)
 F - a wand of lightning (3/15)
 G - a wand of iceblast (10/15)
Scrolls
 a - 2 scrolls of enchant weapon
 d - 12 scrolls of remove curse
 j - a scroll of fog
 l - a scroll of identify
 p - 7 scrolls of recharging
 v - a scroll of amnesia
 z - 3 scrolls of enchant armour
 A - a scroll of fear
Potions
 e - 15 potions of curing
 g - 3 potions of heal wounds
 k - 8 potions of lignification
 m - 4 potions of resistance
 o - a potion of might
 J - 2 potions of invisibility
 W - 4 potions of agility
Books
 i - a Young Poisoner's Handbook

   Spells                             Type                      Level
   a - Sting                          Conjuration/Poison           1
   b - Mephitic Cloud                 Conjuration/Poison/Air       3
   c - Olgreb's Toxic Radiance        Poison                       4
   d - Alistair's Intoxication        Transmutation/Poison         5
   e - Venom Bolt                     Conjuration/Poison           5
Comestibles
 f - 13 bread rations
 n - 4 meat rations
 q - 4 fruits
 w - a beef jerky


   Skills:
 + Level 12.6 Fighting
 * Level 17.9 Maces & Flails
 + Level 12.7 Armour
 + Level 10.5 Dodging
 - Level 10.3 Shields
 - Level 8.4 Invocations
 * Level 10.0 Evocations


You had 16 spell levels left.
You didn't know any spells.

Dungeon Overview and Level Annotations

Branches:
Dungeon (15/15)            Temple (1/1) D:5            Lair (6/6) D:10
  Swamp (0/4) Lair:3       Spider (4/4) Lair:2        Slime (0/5) Lair:5
    Orc (2/2) D:11            Elf (0/3) Orc:2        Vaults (0/5) D:14
 Depths (0/5) D:15

Altars:
Cheibriados
Elyvilon
Fedhas
Gozag
Hepliaklqana
Kikubaaqudgha
Nemelex Xobeh
Okawaru
Qazlal
Ru
Sif Muna
Trog
Uskayaw
Xom
The Shining One
Beogh

Shops:
D:7 (((:   D:10 :   D:13 }   Orc:2 [(?(:

Portals:
Trove: D:10 (show abyssal rune of Zot)

Annotations:
D:10 exclusion: obsidian statue


Innate Abilities, Weirdness & Mutations

You are under a permanent stasis effect.
You can dig through walls and to a lower floor.
Your four strong arms can wield two-handed weapons with a shield.
You have a pair of large antennae on your head. (SInv)


Message History

The jumping spider bites you.
* * * LOW HITPOINT WARNING * * *
You block the wolf spider's attack. The wolf spider bites you.
* * * LOW HITPOINT WARNING * * *
The jumping spider pounces on you but does no damage.
The jumping spider bites you but does no damage.
The jumping spider closely misses you. You block the jumping spider's attack.
The jumping spider leaps!
The wolf spider hits you.
* * * LOW HITPOINT WARNING * * *
The wolf spider closely misses you. The jumping spider barely misses you.
The jumping spider bites you.
* * * LOW HITPOINT WARNING * * *
The jumping spider pounces on you!
* * * LOW HITPOINT WARNING * * *
The jumping spider bites you but does no damage.
* * * LOW HITPOINT WARNING * * *
You feel sick. The jumping spider pounces on you.
* * * LOW HITPOINT WARNING * * *
You block the jumping spider's attack. The jumping spider pounces on you!
You die...

..§......^.........[......
...†.#...^#..#..#....#.#..
#..^..#...........#........
##.........#..†#..#....^#.#
#..##.....#...†.#.$.#.$....
#...###..###^........s.....
##..# #...##...#.....#^..#
#...#........#.#s.s#..#
..........#....@s#.s.#.#.
.........#.....#s.†..^....
#####.#####...y.s§^..... ##
#...#...#...#.
#...#...#......
##.............
###.....#..... #........#..
....#.#^#.


You could see a demonic crawler, a wolf spider (berserk), a moth of wrath, an
orb spider and 3 jumping spiders.

Vanquished Creatures
  Rupert (Spider:1)
  A sphinx (D:15)
  Donald (Orc:2)
  Louise (Spider:3)
  3 orc warlords
  2 entropy weavers
  Nessos (D:14)
  2 spark wasps (Spider:3)
  An ettin (Orc:2)
  Snorg (D:11)
  A minotaur (Lab)
  A fire dragon (Lair:6)
  Fannar (D:10)
  5 hydras
  A vault guard (D:14)
  2 centaur warriors
  Erica (Lair:2)
  An ogre mage (Orc:1)
  2 orc high priests (Orc:2)
  6 death yaks (Lair:3)
  An unseen horror (D:15)
  A flayed ghost (D:15)
  4 wizards
  5 hill giants
  2 necromancers
  10 orb spiders
  2 orc knights (Orc:2)
  4 deep elf magi
  2 wolf spider zombies (D:15)
  A manticore (D:13)
  4 orc sorcerers
  15 wolf spiders
  2 cyclopes
  8 ugly things
  9 black mambas
  5 elephants
  A guardian serpent (Lair:6)
  A naga mage (D:15)
  Joseph (D:7)
  2 ice statues (IceCv)
  11 spiny frogs
  4 gargoyles (Lab)
  A torpor snail (Spider:2)
  An efreet (D:12)
  7 komodo dragons
  A yaktaur (D:15)
  3 rime drakes
  A freezing wraith (D:15)
  14 demonic crawlers
  A harpy zombie (D:15)
  22 jumping spiders
  5 trolls
  A hornet (shapeshifter) (D:13)
  5 hornets
  5 two-headed ogres
  4 slime creatures (D:14)
  Prince Ribbit (D:7)
  9 hippogriffs
  9 blink frogs
  A centaur simulacrum (D:15)
  A spriggan (D:8)
  45 redbacks
  55 yaks
  A shadow (D:15)
  29 tarantellas
  10 wyverns
  2 basilisks (Lair:6)
  A wraith (D:14)
  20 humans (D:14)
  A steam dragon (Lair:6)
  4 vampire mosquitoes (Spider:1)
  5 mottled dragons
  5 swamp worms (Lair:3)
  A warg (shapeshifter) (D:15)
  Menkaure (D:7)
  3 soldier ants
  5 wargs
  3 porcupines
  16 water moccasins
  36 orc warriors
  A black bear (shapeshifter) (D:15)
  9 ice beasts
  4 sky beasts
  3 swamp drakes (Lair:6)
  A black bear (D:12)
  3 wolves (Lair:2)
  11 ogres
  2 phantoms
  15 centaurs
  14 crocodiles
  A big kobold (D:9)
  16 bullfrogs
  A gnoll sergeant (Orc:1)
  A water moccasin skeleton (D:12)
  A hornet simulacrum (D:15)
  4 scorpions
  10 wights (D:12)
  6 killer bees
  3 electric eels (Lair:3)
  6 howler monkeys
  4 crimson imps
  2 bullfrog zombies
  2 centaur zombies
  3 jellies
  2 quasits
  3 bullfrog skeletons
  Crazy Yiuf (D:7)
  16 orc priests
  4 hounds
  8 centaur skeletons
  Terence (D:2)
  Jessica (D:2)
  5 iguanas
  40 orc wizards
  12 worker ants
  A worker ant zombie (D:5)
  Robin (D:2)
  12 gnolls
  A howler monkey skeleton (D:6)
  14 adders
  3 shadow imps
  2 oozes
  3 adder skeletons
  3 worms
  3 dart slugs
  4 leopard geckos
  106 orcs
  6 bats
  5 giant cockroaches
  11 goblins
  5 hobgoblins
  14 jackals
  14 kobolds
  4 quokkas
  2 ball pythons
  A ball python skeleton (D:3)
  4 frilled lizards
  A giant cockroach zombie (D:6)
  A jackal skeleton (D:7)
  2 leopard gecko skeletons (D:4)
  A quokka skeleton (D:4)
  A quokka zombie (D:5)
  4 rats
  3 fungi (D:7)
  3 plants
916 creatures vanquished.

Vanquished Creatures (others)
  6 fungi (Lair:6)
  11 plants
17 creatures vanquished.

Grand Total: 933 creatures vanquished

Notes
Turn   | Place    | Note
-------+----------+-------------------------------------------
     0 | D:1      | kae the Formicid Fighter began the quest for the Orb.
     0 | D:1      | Reached XP level 1. HP: 18/18 MP: 1/1
   294 | D:1      | Reached XP level 2. HP: 24/24 MP: 2/2
   690 | D:2      | Reached skill level 3 in Maces & Flails
   717 | D:2      | Noticed Terence
   732 | D:2      | Killed Terence
   732 | D:2      | Reached XP level 3. HP: 15/29 MP: 3/3
  1162 | D:2      | Found a white marble altar of Elyvilon.
  1211 | D:2      | Reached skill level 4 in Maces & Flails
  1211 | D:2      | Reached XP level 4. HP: 27/35 MP: 4/4
  1422 | D:2      | Noticed Robin
  1451 | D:2      | Killed Robin
  1552 | D:2      | Noticed Jessica
  1587 | D:2      | Killed Jessica
  1587 | D:2      | Reached XP level 5. HP: 26/41 MP: 5/5
  1773 | D:2      | Reached skill level 5 in Maces & Flails
  1801 | D:2      | Found a faded altar of an unknown god.
  1801 | D:2      | Found a faded altar of an unknown god.
  1806 | D:2      | Found a faded altar of an unknown god.
  1808 | D:2      | Found a faded altar of an unknown god.
  1809 | D:2      | Found a sacrificial altar of Ru.
  2273 | D:3      | Found a bloodstained altar of Trog.
  2275 | D:3      | Found a glowing golden altar of the Shining One.
  2295 | D:3      | Found a deep blue altar of Sif Muna.
  2299 | D:3      | Found a snail-covered altar of Cheibriados.
  2299 | D:3      | Found an ancient bone altar of Kikubaaqudgha.
  2495 | D:3      | Reached XP level 6. HP: 47/47 MP: 6/6
  2519 | D:3      | Found a stormy altar of Qazlal.
  2935 | D:4      | Reached skill level 6 in Maces & Flails
  3134 | D:4      | Reached XP level 7. HP: 49/52 MP: 7/7
  3135 | D:4      | Reached skill level 7 in Maces & Flails
  3204 | D:4      | You fall through a shaft for 2 floors!
  3372 | D:6      | Found a blossoming altar of Fedhas.
  3388 | D:5      | Entered Level 5 of the Dungeon
  3472 | D:5      | Got a faintly glowing marble ring
  3475 | D:5      | Identified the ring "Meezxa" {Slay+3 SInv} (You found it on level 5 of the Dungeon)
  3497 | D:5      | Found a staircase to the Ecumenical Temple.
  3514 | Temple   | Entered the Ecumenical Temple
  3585 | Temple   | Became a worshipper of Warmaster Okawaru
  4166 | D:4      | Reached skill level 8 in Maces & Flails
  4166 | D:4      | Reached skill level 1 in Invocations
  4409 | D:5      | Reached XP level 8. HP: 55/58 MP: 9/9
  4701 | D:5      | Reached * piety under Okawaru
  4865 | D:5      | Reached skill level 9 in Maces & Flails
  5332 | D:6      | Found a stormy altar of Qazlal.
  5926 | D:7      | Noticed Joseph
  5938 | D:7      | Killed Joseph
  5938 | D:7      | Reached ** piety under Okawaru
  5938 | D:7      | Reached skill level 10 in Maces & Flails
  5938 | D:7      | Reached skill level 5 in Invocations
  5938 | D:7      | Reached XP level 9. HP: 42/64 MP: 12/12
  6093 | D:7      | Found Sophuchi's Book Boutique.
  6166 | D:7      | Found a runed door.
  6196 | D:7      | Found Zyttiysk's Antique Weapon Boutique.
  6217 | D:7      | Found Syiryloang's Antique Weapon Boutique.
  6238 | D:7      | Noticed Prince Ribbit
  6241 | D:7      | Noticed a hippogriff
  6265 | D:7      | Killed a hippogriff
  6274 | D:7      | Killed Prince Ribbit
  6281 | D:7      | Noticed Menkaure
  6285 | D:7      | You fall through a shaft for 2 floors!
  6532 | D:9      | Reached skill level 11 in Maces & Flails
  7037 | D:7      | Reached XP level 10. HP: 61/70 MP: 12/15
  7066 | D:7      | Found Suralec's Weapon Boutique.
  7116 | D:7      | Reached *** piety under Okawaru
  7244 | D:7      | Killed Menkaure
  7521 | D:7      | Noticed Crazy Yiuf
  7530 | D:7      | Killed Crazy Yiuf
  7619 | D:8      | Reached skill level 12 in Maces & Flails
  8378 | D:9      | Reached **** piety under Okawaru
  8619 | D:10     | Entered Level 10 of the Dungeon
  8619 | D:10     | Noticed Fannar
  8643 | D:10     | Killed Fannar
  8643 | D:10     | Reached skill level 13 in Maces & Flails
  8831 | D:10     | Found a portal to a secret trove of treasure.
  8832 | D:10     | Found Sewaosant's Book Emporium.
  8893 | D:10     | Reached XP level 11. HP: 73/75 MP: 17/17
  8971 | D:10     | Found a staircase to the Lair.
  9055 | D:10     | Reached skill level 14 in Maces & Flails
  9076 | D:10     | Noticed an obsidian statue
  9784 | D:9      | Reached ***** piety under Okawaru
 10053 | D:7      | Bought a crude mace for 256 gold pieces
 10056 | D:7      | Identified the +9 mace of Teupt {vamp, +Fly Str+3 Dex+3} (You bought it in a shop on level 7 of the Dungeon)
 10248 | D:11     | Reached skill level 15 in Maces & Flails
 10380 | D:11     | Reached skill level 1 in Dodging
 10395 | D:11     | Noticed a hill giant
 10405 | D:11     | Killed a hill giant
 10729 | D:11     | Found a staircase to the Orcish Mines.
 10781 | D:11     | Noticed Snorg
 10791 | D:11     | Killed Snorg
 11010 | D:11     | Received a gift from Okawaru
 11305 | D:12     | Reached skill level 5 in Shields
 11310 | D:12     | Reached XP level 12. HP: 72/84 MP: 18/18
 11357 | D:12     | Reached skill level 5 in Armour
 11600 | D:12     | Reached skill level 5 in Fighting
 12238 | Lair:1   | Entered Level 1 of the Lair of Beasts
 12240 | Lair:1   | Gained mutation: You evolve. [potion of beneficial mutation]
 12348 | Lair:1   | Found a labyrinth entrance.
 12370 | Lab      | Entered a labyrinth
 12449 | Lab      | Lost mutation: You evolve. [evolution]
 12964 | Lab      | Noticed a minotaur
 12974 | Lab      | Killed a minotaur
 12976 | Lab      | Got a bone eveningstar {pain}
 13050 | Lair:1   | Reached ****** piety under Okawaru
 13174 | Lair:1   | Received a gift from Okawaru
 13455 | Lair:2   | Identified the +6 eveningstar of No More Talking {pain, +Inv MR+ Stlth+} (You took it off a minotaur in a labyrinth)
 13573 | Lair:2   | Noticed Erica
 13584 | Lair:2   | Killed Erica
 13584 | Lair:2   | Reached skill level 5 in Dodging
 13631 | Lair:2   | Reached XP level 13. HP: 95/95 MP: 19/19
 13646 | Lair:2   | Found a hole to the Spider Nest.
 14627 | Lair:3   | Noticed a six-headed hydra
 14691 | Lair:3   | Received a gift from Okawaru
 14699 | Lair:3   | Killed a six-headed hydra
 14713 | Lair:3   | Got a pair of brightly glowing gloves {god gift}
 14724 | Lair:3   | Identified the +2 pair of gloves of the Bruised Hells {rC++} (Okawaru gifted it to you on level 3 of the Lair of Beasts)
 15129 | Lair:3   | Found a staircase to the Swamp.
 15452 | Lair:4   | Noticed a five-headed hydra
 15463 | Lair:4   | Killed a five-headed hydra
 15632 | Lair:4   | Reached skill level 10 in Shields
 15893 | Lair:5   | Found a staircase to the Slime Pits.
 15899 | Lair:5   | Reached XP level 14. HP: 108/108 MP: 20/20
 15906 | Lair:5   | You fall through a shaft!
 15906 | Lair:6   | Entered Level 6 of the Lair of Beasts
 16791 | Lair:6   | Received a gift from Okawaru
 17297 | Lair:6   | Reached skill level 10 in Fighting
 17347 | Lair:6   | Reached skill level 10 in Armour
 17828 | Lair:6   | Got a scorched cloak
 17839 | Lair:6   | Identified the +1 cloak of Peek-a-Boo {Str+3} (You found it on level 6 of the Lair of Beasts)
 17946 | Lair:6   | Received a gift from Okawaru
 18430 | D:13     | Reached XP level 15. HP: 94/117 MP: 21/21
 18646 | D:13     | Reached skill level 16 in Maces & Flails
 18711 | D:13     | Reached skill level 1 in Evocations
 18723 | D:13     | Found Fihoo's Gadget Shoppe.
 18941 | D:14     | Found a frozen archway.
 18967 | IceCv    | Entered an ice cave
 19442 | D:14     | Noticed Nessos
 19461 | D:14     | You fall through a shaft!
 19461 | D:15     | Entered Level 15 of the Dungeon
 19862 | D:15     | Noticed a sphinx
 19918 | D:15     | Received a gift from Okawaru
 20041 | D:15     | Killed a sphinx
 20492 | D:15     | Found a staircase to the Depths.
 20656 | D:14     | Reached skill level 5 in Evocations
 20667 | D:14     | Received a gift from Okawaru
 20926 | D:14     | Found a gate to the Vaults.
 20950 | D:14     | Reached XP level 16. HP: 125/125 MP: 22/22
 21043 | D:14     | Killed Nessos
 21475 | Orc:1    | Entered Level 1 of the Orcish Mines
 21620 | Orc:1    | Received a gift from Okawaru
 22229 | Orc:2    | Entered Level 2 of the Orcish Mines
 22231 | Orc:2    | Noticed Donald
 22249 | Orc:2    | Cast into level 2 of the Abyss (Donald)
 22297 | Orc:2    | Escaped the Abyss
 22317 | Orc:2    | Killed Donald
 22376 | Orc:2    | Found a staircase to the Elven Halls.
 22487 | Orc:2    | Found Telet's Magic Scroll Shoppe.
 22691 | Orc:2    | Found a roughly hewn altar of Beogh.
 22737 | Orc:2    | Reached skill level 17 in Maces & Flails
 22748 | Orc:2    | Found Foemuen's Weapon Emporium.
 22794 | Orc:2    | Bought a scroll of identify for 26 gold pieces
 22794 | Orc:2    | Bought a scroll of enchant armour for 97 gold pieces
 23030 | Orc:2    | Found Zixy's Antique Weapon Boutique.
 23031 | Orc:2    | Found a roughly hewn altar of Beogh.
 23032 | Orc:2    | Found Xyrus's Antique Armour Shop.
 23098 | Orc:2    | Found a roughly hewn altar of Beogh.
 23099 | Orc:2    | Found Jotanol's Book Emporium.
 23311 | Orc:2    | Found a roughly hewn altar of Beogh.
 23347 | Orc:2    | Found a roughly hewn altar of Beogh.
 23364 | Orc:2    | Found a roughly hewn altar of Beogh.
 23756 | Spider:1 | Entered Level 1 of the Spider Nest
 23860 | Spider:1 | Reached skill level 10 in Dodging
 24050 | Spider:1 | Noticed Rupert
 24065 | Spider:1 | Killed Rupert
 24185 | Spider:1 | Received a gift from Okawaru
 25172 | Spider:2 | Reached XP level 17. HP: 133/133 MP: 23/23
 26133 | Spider:3 | Noticed Louise
 26150 | Spider:3 | Killed Louise
 26150 | Spider:3 | Received a gift from Okawaru
 26897 | Spider:4 | Entered Level 4 of the Spider Nest
 27187 | Spider:4 | Reached skill level 10 in Evocations
 27211 | Spider:4 | HP: 6/135 [wolf spider (17)]
 27215 | Spider:4 | Slain by a jumping spider

Skill      XL: |  1  2  3  4  5  6  7  8  9 10 11 12 13 14 15 16 17 |
---------------+----------------------------------------------------+-----
Maces & Flails | 3 4 5 6 8 10 11 13 15 16 17 | 17.9
Invocations    | 1 5 7 8 |  8.4
Dodging        | 2 5 7 8 9 10 | 10.5
Fighting       | 4 6 9 10 11 12 | 12.6
Armour         | 4 7 9 10 11 12 | 12.7
Shields        | 5 7 10 | 10.3
Evocations     | 5 8 10 | 10.0

Action                   |  1- 3 |  4- 6 |  7- 9 | 10-12 | 13-15 | 16-18 || total
-------------------------+-------+-------+-------+-------+-------+-------++-------
Melee: Flail             |   139 |   268 |   325 |   401 |       |       ||  1133
       Mace              |       |       |       |   275 |  1402 |  1211 ||  2888
Invok: Heroism           |       |       |     4 |    11 |     6 |     7 ||    28
       Finesse           |       |       |       |       |       |     1 ||     1
 Abil: Dig               |       |    14 |     7 |    16 |     3 |    16 ||    56
       Shaft Self        |       |       |     2 |       |     1 |       ||     3
  Use: Scroll            |     4 |     5 |     7 |    11 |     7 |     2 ||    36
       Potion            |     1 |       |     2 |     2 |       |     4 ||     9
 Stab: Sleeping          |       |       |       |     1 |       |       ||     1
       Distracted        |       |       |       |       |     1 |       ||     1
  Eat: Chunk             |     1 |     9 |    14 |    20 |    22 |    20 ||    86
       Bread ration      |       |       |       |     1 |     1 |     1 ||     3
       Beef jerky        |       |       |       |     1 |       |       ||     1
       Fruit             |       |       |       |       |       |     1 ||     1
Armor: Scale mail        |    89 |   114 |   104 |   127 |       |       ||   434
       Skin              |       |       |     2 |       |       |       ||     2
       Plate armour      |       |       |       |     9 |   511 |   453 ||   973
Dodge: Dodged            |    54 |    77 |    86 |   146 |   486 |   526 ||  1375
Block: Shield            |   106 |   138 |   131 |   225 |   817 |   871 ||  2288
